Selects Italian Coastal Battlegroup
Construct Infanterie Kompanie
Construct Panzergrenadier Kompanie
Construct Luftwaffe Kompanie
Selects Artillery Officer
Selects Designated Artillery Overwatch
Infanterie Officer Quarters
Flak 30 Anti-aircraft Gun Team
Selects Call the Reserves!
Selects Obice da 210/22 Artillery Emplacement
Designated Artillery Overwatch
Designated Artillery Overwatch
Construct Panzer Kompanie